Map: Undercurrent LE

Players

Kizej

  • Race: Terran Terran
  • Spawn Location: 7:00

HomoHabilis

  • Race: Zerg Zerg
  • League: Platinum
  • Spawn Location: 7:00

Ekelpack - Winner!

  • Race: Zerg Zerg
  • Spawn Location: 1:00

Nyck - Winner!

  • Race: Terran Terran
  • Spawn Location: 3:00

VOD

Have the link to the VOD?

Description

Time

  • Played on: Feb. 11, 2025, 3:49 p.m.
  • Length: 17:43
Show
View Real Time Build Order
Export as new Build Order

Kizej Terran 

Build Orders: Reaper Expand 

Get SALT Encoding   

  12  0:00  SCV  
  13  0:12  SCV  
  14  0:17  Supply Depot  
  14  0:24  SCV  
  15  0:39  SCV  
  15  0:41  Barracks  
  16  0:45  Refinery  
  16  0:51  SCV  
  17  1:03  SCV  
  18  1:15  SCV  
  19  1:29  Reaper  
  19  1:30  Orbital Command  
  20  1:50  Command Center  
  20  1:56  SCV  
  20  1:58  Supply Depot  
  20  2:01  Marine  
  22  2:14  SCV  
  23  2:21  Barracks Reactor  
  22  2:26  SCV  
  23  2:36  Bunker  
  23  2:39  SCV  
  23  2:42  Factory  
  24  2:47  Refinery  
  24  2:51  SCV  
  25  2:52  Supply Depot  
  25  2:58  Marine x2  
  27  3:06  SCV  
  27  3:12  Orbital Command  
  28  3:18  SCV  
  29  3:22  Marine x2  
  31  3:27  Starport  
  31  3:28  Factory Tech Lab  
  31  3:31  SCV  
  32  3:40  SCV  
  32  3:41  Supply Depot  
  33  3:42  Marine x2  
  33  3:43  SCV  
  36  3:52  SCV  
  37  3:58  SCV  
  37  3:59  Siege Tank  
  41  4:03  Supply Depot  
  41  4:04  SCV  
  42  4:10  SCV  
  42  4:11  Liberator  
  42  4:15  Marine x2  
  42  4:16  Refinery, SCV  
  49  4:22  SCV  
  50  4:27  Supply Depot  
  50  4:28  SCV  
  51  4:33  Engineering Bay  
  51  4:39  Starport  
  51  4:43  Marine x2  
  53  4:47  SCV x2  
  53  4:49  Supply Depot  
  55  4:54  Widow Mine  
  57  5:01  Marine x2, SCV x2  
  57  5:04  Starport Reactor  
  61  5:11  Supply Depot, Armory  
  61  5:13  SCV x2  
  63  5:15  Widow Mine  
  65  5:24  Refinery, Marine x2  
  65  5:25  SCV  
  65  5:26  SCV  
  69  5:33  Supply Depot  
  69  5:35  Starport Reactor  
  69  5:37  SCV  
  69  5:38  SCV  
  69  5:42  Viking x2, Marine x2  
  74  5:45  Terran Infantry Weapons Level 1  
  74  5:52  Missile Turret  
  74  5:55  Missile Turret  
  74  6:02  Thor  
  80  6:07  SCV  
  80  6:08  SCV  
  82  6:23  Viking x3  
  82  6:24  Marine x2  
  90  6:32  SCV x2  
  92  6:33  Terran Ship Weapons Level 1  
  92  6:35  Supply Depot  
  92  6:44  SCV x2  
  94  6:51  Command Center  
  94  6:56  SCV x2  
  94  6:57  Supply Depot  
  96  7:03  Thor  
  96  7:06  Marine x2  
  104  7:12  Viking  
  104  7:13  Viking  
  108  7:23  Viking  
  108  7:24  Viking  
  108  7:26  Marine  
  113  7:33  Refinery  
  113  7:46  Widow Mine  
  113  7:48  Refinery  
  113  8:08  Widow Mine, Barracks x2, SCV  
  113  8:09  Terran Infantry Weapons Level 2, SCV x2  
  113  8:11  Barracks  
  118  8:16  Armory  
  118  8:18  Engineering Bay  
  118  8:21  SCV x2  
  118  8:22  Planetary Fortress  
  120  8:27  Missile Turret  
  120  8:28  Marine x2  
  120  8:33  SCV x2  
  124  8:44  Terran Ship Weapons Level 2  
  124  8:45  Marine, SCV x2  
  124  8:48  Terran Infantry Armor Level 1  
  127  8:54  Supply Depot  
  133  8:57  SCV x2  
  133  8:58  Medivac x2  
  133  9:00  Barracks Tech Lab  
  133  9:01  Barracks Reactor, Barracks Tech Lab  
  133  9:06  Terran Vehicle And Ship Armor Level 1  
  133  9:15  Thor, SCV x2  
  141  9:20  Supply Depot  
  141  9:23  Command Center  
  141  9:40  Stimpack, Combat Shield  
  141  9:42  Marine x4, SCV  
  141  9:43  Medivac  
  141  9:44  Supply Depot  
  148  9:59  SCV  
  149  10:06  Refinery, Siege Tank, Medivac x2, SCV  
  157  10:07  Supply Depot  
  157  10:10  Refinery  
  157  10:15  Sensor Tower  
  157  10:26  SCV  
  157  10:27  Supply Depot x2  
  157  10:28  Supply Depot x2, Marine x2, SCV x2  
  157  10:29  Supply Depot, Marauder x2, Medivac  
  158  10:38  SCV  
  158  10:40  SCV  
  107  10:50  Marauder x2  
  107  10:54  Supply Depot, Ghost Academy  
  107  10:56  Marine x4, Medivac x2  
  104  11:20  Concussive Shells  
  104  11:24  Ghost x2  
  110  11:27  Marine x4  
  114  11:34  Liberator  
  117  11:41  Widow Mine  
  117  11:45  Marine x4  
  129  12:03  Widow Mine  
  132  12:13  Ghost  
  132  12:14  Ghost  
  132  12:15  Marine x2  
  132  12:16  Command Center, Marine x2  
  135  12:24  Widow Mine  
  137  12:32  Marine  
  137  12:33  Marine  
  137  12:34  Marine x2  
  141  12:42  Ghost x2, SCV x3  
  150  12:48  Widow Mine  
  150  12:50  Marine  
  153  12:51  Marine x3  
  153  12:54  SCV x3  
  158  13:09  Widow Mine  
  158  13:10  Ghost  
  158  13:11  Ghost  
  165  13:17  Marine x4  
  156  13:30  Widow Mine  
  155  13:35  Marine x4  
  155  13:39  Ghost x2  
  115  13:50  Command Center  
  115  13:52  Marine  
  115  13:54  Widow Mine, Liberator x3  
  127  14:07  Ghost  
  127  14:08  Ghost  
  133  14:15  Widow Mine  
  135  14:21  SCV x3  
  138  14:33  Terran Vehicle And Ship Armor Level 2, SCV x2  
  138  14:34  Terran Infantry Armor Level 2  
  138  14:36  Widow Mine, Ghost  
  138  14:37  Marauder  
  148  14:45  SCV x2  
  93  14:58  Widow Mine, Marauder  
  93  15:05  Marauder  
  57  15:19  Ghost  
  56  15:24  Marine x4  
  56  15:26  Widow Mine, Ghost  
  55  15:41  Marine  
  55  15:42  Marine x2  
Show
View Real Time Build Order
Export as new Build Order

HomoHabilis Zerg 

Build Orders: Hatch First, Lurkers 

Get SALT Encoding   

  12  0:01  Drone  
  13  0:13  Overlord  
  13  0:20  Drone  
  14  0:33  Drone x2  
  16  0:36  Drone  
  17  0:55  Hatchery  
  16  0:59  Drone x2  
  18  1:05  Extractor  
  17  1:15  Spawning Pool  
  17  1:17  Drone  
  17  1:21  Drone  
  18  1:38  Drone  
  19  1:40  Overlord  
  19  1:56  Drone  
  20  2:03  Drone  
  20  2:06  Queen  
  20  2:07  Queen  
  25  2:09  Drone  
  25  2:12  Zergling x2  
  27  2:16  Metabolic Boost  
  27  2:20  Drone  
  28  2:23  Drone  
  28  2:28  Zergling x2  
  30  2:37  Drone  
  30  2:38  Baneling Nest  
  30  2:42  Overlord  
  30  3:06  Queen  
  30  3:07  Queen  
  30  3:09  Drone x4  
  30  3:11  Drone  
  39  3:24  Overlord  
  39  3:30  Zergling x4  
  41  3:37  Spore Crawler  
  40  3:41  Drone  
  40  3:43  Spore Crawler  
  40  3:58  Baneling  
  40  3:59  Baneling  
  40  4:00  Hatchery, Baneling x2  
  40  4:01  Zergling x6  
  42  4:04  Drone x3  
  42  4:07  Overlord  
  45  4:13  Lair  
  45  4:16  Extractor  
  44  4:18  Drone  
  44  4:19  Drone  
  44  4:21  Drone  
  44  4:24  Drone  
  48  4:36  Spore Crawler  
  47  4:48  Drone x5  
  52  5:00  Hatchery, Evolution Chamber  
  52  5:01  Evolution Chamber  
  49  5:11  Drone x4, Roach Warren  
  52  5:19  Hydralisk Den  
  51  5:24  Spore Crawler  
  50  5:29  Spore Crawler  
  50  5:30  Drone x2, Spore Crawler  
  50  5:33  Spore Crawler  
  49  5:37  Overlord  
  49  5:40  Queen  
  51  5:46  Centrifugal Hooks  
  52  5:50  Drone x2  
  52  5:52  Drone  
  52  5:56  Drone  
  55  6:00  Spore Crawler  
  54  6:04  Spore Crawler x2  
  54  6:07  Spore Crawler  
  54  6:08  Drone  
  52  6:19  Overlord  
  52  6:20  Overlord  
  50  6:33  Spore Crawler  
  47  6:44  Drone x2  
  47  6:46  Queen  
  51  6:51  Extractor x2  
  51  6:52  Drone x3  
  51  6:53  Drone x3  
  55  7:01  Zerg Missile Weapons Level 1  
  55  7:03  Muscular Augments  
  55  7:05  Drone x3  
  58  7:12  Hydralisk  
  58  7:13  Hydralisk x4  
  68  7:17  Baneling  
  68  7:18  Baneling x2  
  68  7:32  Overlord  
  68  7:33  Overlord  
  68  7:44  Hydralisk, Spore Crawler  
  68  7:45  Hydralisk  
  60  7:52  Zergling x12  
  60  7:53  Zergling x12  
  72  8:07  Grooved Spines  
  72  8:14  Hatchery  
  71  8:27  Baneling  
  71  8:28  Baneling x6  
  71  8:29  Baneling x3  
  71  8:42  Zerg Ground Armor Level 1, Infestation Pit  
  71  8:47  Drone x3  
  71  8:48  Overseer  
  73  8:50  Overseer  
  73  8:51  Pneumatized Carapace  
  73  8:55  Overlord x4, Zerg Melee Weapons Level 1  
  73  9:22  Zergling x2  
  73  9:23  Zergling x8  
  75  9:25  Hydralisk x2  
  75  9:26  Hydralisk x4  
  86  10:00  Infestor x5  
  86  10:05  Drone  
  86  10:06  Drone x4  
  101  10:09  Drone x3  
  93  10:43  Hydralisk  
  93  10:44  Hydralisk x5  
  82  11:19  Hydralisk, Lurker Den  
  82  11:20  Hydralisk x7  
  97  11:53  Infestor x2  
  101  12:10  Hatchery  
  100  12:51  Lurker x5  
  102  12:53  Overlord  
  102  12:54  Overlord x3  
  102  12:55  Overseer  
  105  13:23  Lurker x2  
  105  13:24  Lurker  
  108  13:32  Lurker x2  
  108  13:34  Hydralisk x2  
  114  13:48  Lurker  
  115  14:33  Hive  
  115  14:37  Roach  
  115  14:38  Roach x10  
  98  15:27  Hydralisk  
  98  15:28  Hydralisk x12  
Show
View Real Time Build Order
Export as new Build Order

Ekelpack Zerg - Winner!

Build Orders: Hatch First 

Get SALT Encoding   

  12  0:00  Drone  
  13  0:12  Overlord  
  13  0:17  Drone  
  14  0:30  Drone x2  
  14  0:34  Drone  
  17  0:52  Hatchery  
  17  0:54  Drone  
  17  0:57  Extractor  
  17  0:58  Drone  
  17  1:13  Spawning Pool  
  17  1:17  Drone  
  17  1:19  Drone  
  18  1:29  Drone  
  19  1:38  Drone  
  20  1:54  Drone  
  21  2:03  Queen  
  21  2:06  Queen  
  21  2:08  Drone  
  26  2:11  Overlord  
  26  2:15  Drone  
  27  2:20  Drone  
  28  2:23  Metabolic Boost  
  28  2:29  Drone x2  
  30  2:32  Drone  
  30  2:33  Extractor  
  30  2:34  Extractor  
  29  2:48  Drone  
  29  2:50  Lair  
  30  2:52  Drone x2  
  30  2:57  Drone  
  33  3:02  Drone  
  34  3:09  Drone  
  34  3:11  Overlord  
  34  3:12  Drone  
  36  3:17  Extractor  
  36  3:18  Drone  
  36  3:29  Drone x3  
  36  3:30  Overlord  
  36  3:32  Drone x2  
  41  3:39  Drone  
  42  3:48  Spire  
  42  3:51  Drone  
  42  3:54  Drone  
  42  3:55  Overlord  
  43  3:57  Drone  
  43  3:58  Drone x2  
  46  4:23  Hatchery  
  45  4:44  Queen  
  47  5:00  Mutalisk x4  
  47  5:01  Mutalisk x2  
  47  5:02  Overlord  
  47  5:03  Zerg Flyer Weapons Level 1  
  59  5:14  Overlord  
  59  5:17  Drone  
  60  5:23  Extractor  
  60  5:28  Mutalisk x4  
  59  5:29  Overlord  
  67  5:53  Drone x2  
  67  5:54  Drone x6  
  67  5:55  Drone x4  
  79  6:07  Drone x2  
  79  6:08  Drone  
  79  6:11  Drone x4  
  84  6:17  Infestation Pit  
  81  6:43  Mutalisk x2  
  81  6:44  Mutalisk x3  
  81  6:45  Overlord x2  
  81  6:47  Drone  
  90  6:50  Extractor  
  89  6:57  Hive, Evolution Chamber  
  89  6:59  Evolution Chamber, Mutalisk  
  89  7:01  Zerg Flyer Weapons Level 2, Overlord  
  87  7:42  Overlord x3, Zergling x6  
  87  7:43  Zergling x6  
  89  8:05  Mutalisk  
  89  8:07  Overlord  
  91  8:13  Zerg Ground Armor Level 1, Zerg Melee Weapons Level 1  
  91  8:19  Overlord x2, Ultralisk Cavern  
  90  8:20  Overlord x2  
  90  8:37  Hatchery  
  89  9:08  Chitinous Plating  
  95  9:10  Ultralisk x6  
  95  9:11  Ultralisk x2  
  135  9:17  Pneumatized Carapace  
  135  9:25  Adrenal Glands  
  135  9:29  Drone x2  
  135  9:30  Drone x2, Overlord x3  
  135  9:31  Drone x6  
  145  10:03  Hatchery  
  145  10:04  Extractor  
  145  10:06  Extractor  
  142  10:20  Zergling x14  
  142  10:21  Zergling x12  
  152  10:22  Zergling x2  
  143  10:43  Ultralisk x3  
  143  10:44  Zergling x8, Ultralisk x2  
  173  10:53  Zergling x4  
  175  10:57  Drone  
  175  11:01  Zerg Melee Weapons Level 2  
  175  11:02  Zerg Ground Armor Level 2  
  175  11:03  Anabolic Synthesis  
  160  11:18  Drone x3  
  160  11:19  Drone x3  
  165  11:38  Queen  
  167  11:41  Drone x3  
  167  11:43  Ultralisk x2  
  167  11:44  Zergling x8  
  167  11:45  Zergling x8  
  190  12:00  Ultralisk  
  196  12:34  Hatchery  
  195  12:39  Zergling x4  
  195  12:40  Zergling x4  
  196  12:59  Zergling x4  
  193  13:14  Ultralisk  
  193  13:15  Zergling x4  
  199  13:35  Zerg Ground Armor Level 3, Zerg Melee Weapons Level 3  
  189  13:47  Overlord x2  
  189  14:09  Zergling x2  
  191  14:10  Zergling x12  
  191  14:11  Zergling x4  
  191  14:13  Extractor  
  191  14:15  Extractor  
  196  14:24  Overseer x4  
  196  14:26  Zergling x4  
  196  14:27  Zergling x4  
  196  14:59  Ultralisk  
  198  15:00  Ultralisk x3  
  198  15:01  Ultralisk  
  198  15:02  Ultralisk x2  
  198  15:03  Ultralisk x3  
  137  15:16  Ultralisk x4  
  137  15:17  Ultralisk x6  
  137  15:18  Zergling x6  
  200  15:48  Zergling x2, Ultralisk  
  199  15:56  Ultralisk  
  197  16:20  Zergling x4  
  197  16:21  Zergling x2  
  200  16:31  Overlord x2  
  200  16:32  Overlord x2  
Show
View Real Time Build Order
Export as new Build Order

Nyck Terran - Winner!

Build Orders:  

Get SALT Encoding   

  12  0:00  SCV  
  13  0:12  SCV  
  14  0:17  Supply Depot  
  14  0:24  SCV  
  15  0:38  SCV  
  15  0:40  Barracks  
  16  0:50  SCV  
  16  0:56  Refinery  
  17  0:59  Refinery  
  17  1:03  SCV  
  18  1:15  SCV  
  19  1:30  Orbital Command, Barracks  
  19  1:34  Reaper  
  20  1:40  Supply Depot  
  20  1:56  SCV  
  21  2:08  SCV  
  22  2:13  Barracks Reactor  
  22  2:20  SCV  
  22  2:21  Barracks Tech Lab  
  23  2:23  Barracks  
  23  2:32  SCV  
  23  2:34  Supply Depot  
  24  2:38  Engineering Bay  
  24  2:41  Engineering Bay  
  24  2:46  SCV  
  24  2:50  Marine x2  
  27  3:05  SCV  
  27  3:08  Terran Infantry Weapons Level 1, Terran Infantry Armor Level 1  
  27  3:13  Barracks Reactor  
  27  3:20  Combat Shield  
  27  3:24  Marine x2  
  27  3:25  Marine  
  30  3:39  Factory  
  30  3:42  Marine x2  
  30  3:44  SCV  
  30  3:46  Marine  
  34  3:52  Supply Depot  
  34  3:54  Marine x2  
  36  4:02  SCV  
  37  4:03  Marine x2  
  39  4:20  SCV  
  39  4:21  Marine x3  
  39  4:22  Marine x2  
  45  4:27  Armory  
  45  4:32  Supply Depot  
  45  4:38  SCV  
  45  4:39  Starport  
  45  4:41  Marine  
  45  4:42  Factory Reactor  
  47  4:48  Stimpack  
  47  4:53  Marine x3, SCV  
  47  4:57  Supply Depot  
  51  5:03  Marine  
  52  5:12  Marine x2  
  52  5:13  Marine  
  55  5:15  Terran Infantry Weapons Level 2  
  55  5:18  Marine  
  56  5:27  Terran Infantry Armor Level 2  
  56  5:29  SCV  
  54  5:46  Marine x4  
  54  5:49  Medivac  
  55  6:04  Command Center  
  55  6:24  SCV  
  56  6:29  Medivac x2  
  60  6:51  Command Center  
  60  7:28  SCV  
  60  7:29  Orbital Command  
  61  7:37  Marine x3  
  61  7:38  Marine x2  
  61  7:39  Medivac  
  57  8:05  Planetary Fortress  
  57  8:11  Medivac  
  57  8:12  Marine, Medivac  
  61  8:13  Refinery  
  61  8:19  SCV x2  
  64  8:31  Marine, SCV x2  
  67  8:43  SCV x2  
  67  8:44  Refinery  
  67  8:46  Refinery  
  67  8:48  SCV  
  70  8:52  Hi-Sec Auto Tracking  
  70  8:53  Neosteel Armor  
  70  8:55  SCV x2  
  72  8:56  Marine x2  
  72  9:00  SCV  
  75  9:05  Refinery  
  75  9:07  Marine x3, SCV x2  
  75  9:09  Medivac  
  82  9:12  Medivac, SCV  
  85  9:19  SCV x2  
  87  9:30  SCV  
  88  9:31  SCV  
  88  9:32  SCV  
  90  9:42  Marine x2, SCV  
  93  9:52  Terran Infantry Weapons Level 3  
  93  10:08  Medivac x2, Marine x3, SCV  
  93  10:10  Supply Depot  
  101  10:31  Marine x5, SCV x3  
  101  10:32  Supply Depot  
  97  10:44  SCV x2  
  97  10:49  Marine  
  97  10:51  Marine, SCV  
  97  10:52  Marine x3  
  97  10:54  Medivac  
  97  10:55  Supply Depot  
  97  10:56  SCV x2  
  106  11:07  Marine  
  106  11:09  Marine  
  106  11:10  Marine x3  
  111  11:17  SCV  
  111  11:18  Supply Depot, SCV x2  
  114  11:25  Marine  
  115  11:26  Medivac x2  
  115  11:27  Marine x4  
  115  11:28  Terran Infantry Armor Level 3  
  123  11:35  Command Center  
  123  11:41  Supply Depot  
  123  11:42  Marine  
  123  11:45  Marine x4, SCV  
  123  11:46  SCV x2  
  131  11:58  SCV  
  132  12:01  Marine  
  132  12:03  Marine x4  
  132  12:04  Medivac x2  
  132  12:05  Supply Depot  
  141  12:13  Barracks  
  141  12:16  Terran Vehicle And Ship Armor Level 1  
  141  12:20  Command Center  
  141  12:23  Factory Reactor  
  141  12:25  Marine x5  
  146  12:38  SCV  
  146  12:39  SCV x2  
  146  12:43  Marine x5  
  154  12:51  Planetary Fortress, SCV x2  
  156  13:00  Marine x4  
  156  13:01  Marine  
  161  13:08  SCV x3  
  164  13:18  Marine x3  
  165  13:20  SCV x3  
  167  13:39  Command Center  
  167  13:51  Fusion Core  
  167  13:55  Supply Depot  
  167  14:01  Marine x5  
  172  14:08  SCV  
  173  14:17  Medivac x2, SCV x2  
  179  14:19  Supply Depot, Marine x2  
  181  14:40  Marine x5  
  181  14:44  Supply Depot  
  159  14:58  Marine x5  
  152  15:07  Supply Depot  
  139  15:16  Marine x3  
  137  15:29  Supply Depot  
  137  15:34  Marine  
  134  15:40  Marine x3  
  134  15:41  Marine  
  134  15:42  Medivac  
  140  15:43  Medivac  
  140  15:44  Caduceus Reactor  
  142  15:51  Marine  
  142  15:52  Supply Depot  
  142  15:58  Marine x4  
  146  16:09  Marine  
  138  16:12  Medivac  
  138  16:13  Medivac  
  138  16:14  Supply Depot  
  138  16:16  Marine x4  
  133  16:27  Marine  
  134  16:33  Marine  
  134  16:34  Marine x3  
  134  16:36  Supply Depot  
  134  16:37  SCV  
  134  16:38  SCV x3  
  142  16:42  Medivac  
  142  16:43  Medivac  
  142  16:45  Marine  
  147  16:49  SCV  
  147  16:50  SCV x3  
  147  16:51  Marine  
  147  16:52  Marine x3  
  155  17:00  Supply Depot  
  155  17:01  SCV  
  155  17:02  SCV x3  
  155  17:03  Marine  
  160  17:09  Marine  
  160  17:10  Marine x3  
  160  17:12  Medivac  
  160  17:13  Medivac, SCV  
  160  17:14  SCV x3  
  172  17:20  Marine  
  173  17:25  SCV  
  173  17:26  SCV x3  
Tags
 
Add a new tag
Caveats
  • Supply blocks, unpowered buildings, or Contaminate may cause inaccurate times.
  • Supply counts are checked every 10 seconds.